 Dungeon Crawl Stone Soup version 0.21.1-1-g345015f (webtiles) character file.

215 shakethe the Shield-Bearer (level 6, -1/47 HPs)
             Began as a Formicid Fighter on Feb 7, 2018.
             Killed from afar by an orc wizard (6 damage)
             ... with a magic dart
             ... on level 3 of the Dungeon.
             The game lasted 00:03:27 (2018 turns).

shakethe the Shield-Bearer (Formicid Fighter)       Turns: 2018, Time: 00:03:28

Health: -1/47      AC:  8    Str: 21    XL:     6   Next: 15%
Magic:  6/6        EV:  8    Int:  7    God:
Gold:   57         SH: 15    Dex: 12    Spells: 5/5 levels left

rFire    . . .     SeeInvis +   a - +0 war axe
rCold    . . .     Gourm    .   c - +0 shield
rNeg     . . .     Faith    .   b - +0 scale mail
rPois    .         Spirit   .   (helmet unavailable)
rElec    .         Reflect  +   (no cloak)
rCorr    .         Harm     .   l - +0 pair of gloves
MR       .....                  (no boots)
Stlth    ..........             i - +5 amulet of reflection
HPRegen  0.15/turn              (no ring)
MPRegen  0.10/turn              (no ring)

@: no status effects
A: permanent stasis, dig shafts and tunnels, four strong arms, antennae 3
a: Dig, Shaft Self


You were on level 3 of the Dungeon.
You were not hungry.

You visited 1 branch of the dungeon, and saw 3 of its levels.

You collected 57 gold pieces.

Inventory:

Hand Weapons
 a - a +0 war axe (weapon)
Armour
 b - a +0 scale mail (worn)
 c - a +0 shield (worn)
 l - a +0 pair of gloves (worn)
Jewellery
 i - a +5 amulet of reflection (around neck)
Scrolls
 j - 5 scrolls of remove curse {unknown}
 k - a scroll of magic mapping {unknown}
 m - 3 scrolls of identify {unknown}
 n - 2 scrolls of teleportation {unknown}
 o - a scroll of blinking {unknown}
 q - a scroll of enchant armour {unknown}
Potions
 d - a potion of might
 e - a potion of curing {unknown}
 g - 2 potions of haste {unknown}
 h - 2 potions of mutation {unknown}
 p - a potion of agility {unknown}
Comestibles
 f - 4 rations


   Skills:
 - Level 3.5 Fighting
 * Level 4.7 Axes
 - Level 3.6 Armour
 + Level 5.2 Shields


You had 5 spell levels left.
You didn't know any spells.

Dungeon Overview and Level Annotations

Branches:
Dungeon (3/15)

Altars:
Cheibriados
Trog
Vehumet


Innate Abilities, Weirdness & Mutations

You cannot be hasted, slowed, berserked, paralysed or teleported.
You can dig through walls and to a lower floor.
Your four strong arms can wield two-handed weapons with a shield.
You have a pair of large antennae on your head. (SInv)


Message History

You slash the orc!
You kill the orc!
The orc wizard hits you but does no damage.
You block the orc wizard's attack.
You closely miss the orc wizard.
The orc wizard is almost dead.
The orc wizard hits you but does no damage.
The orc wizard casts a spell.
The orc wizard blinks!
The orc wizard casts a spell at you. The magic dart hits you!
* * * LOW HITPOINT WARNING * * *
The orc wizard mumbles some strange words.
The orc wizard blinks!
The orc wizard is no longer moving quickly.
The orc wizard casts a spell.
The orc wizard seems to speed up.
The orc wizard gestures at you while chanting.
The magic dart hits you!
You die...

..# ##.########## ##
{#####...........# #### ...
...............# ... ..#
###.............####.#
...{......)...<.@....##..# ..#
### #..........#....######## #.#
### #..............#.......#
#.#######........###...........#.
#...'_'.).......## ##o##!..†.....
#.###'###.......# #.##........#
#.# #.# #........# #....o......#
#.###.###.........# #...).......#
#...............#..####........##


You could see an orc wizard.

Vanquished Creatures
  Jessica (D:2)
  2 orc wizards (D:3)
  Robin (D:2)
  A gnoll (D:1)
  2 adders
  An ooze (D:1)
  3 worms (D:2)
  3 leopard geckos
  7 orcs (D:3)
  2 giant cockroaches
  12 goblins
  8 hobgoblins
  2 jackals (D:2)
  7 kobolds
  A quokka (D:3)
  8 bats
  9 frilled lizards
  7 rats
77 creatures vanquished.

Vanquished Creatures (others)
  A kobold (D:2)
1 creature vanquished.

Grand Total: 78 creatures vanquished

Notes
Turn   | Place    | Note
-------+----------+-------------------------------------------
     0 | D:1      | shakethe the Formicid Fighter began the quest for the Orb.
     0 | D:1      | Reached XP level 1. HP: 18/18 MP: 1/1
    46 | D:1      | Reached XP level 2. HP: 22/24 MP: 2/2
   122 | D:1      | Reached XP level 3. HP: 26/29 MP: 3/3
   133 | D:1      | Reached skill level 4 in Shields
   773 | D:2      | Reached XP level 4. HP: 35/35 MP: 4/4
   817 | D:2      | Found a snail-covered altar of Cheibriados.
   896 | D:2      | Found a bloodstained altar of Trog.
   937 | D:2      | Noticed Robin
   952 | D:2      | Killed Robin
  1347 | D:2      | Reached XP level 5. HP: 36/41 MP: 5/5
  1456 | D:2      | Noticed Jessica
  1457 | D:2      | Killed Jessica
  1926 | D:3      | Found a radiant altar of Vehumet.
  1992 | D:3      | Reached skill level 5 in Shields
  1995 | D:3      | Reached XP level 6. HP: 17/47 MP: 6/6
  2018 | D:3      | Killed from afar by an orc wizard

Skill      XL: |  1  2  3  4  5 |
---------------+----------------+-----
Shields        | 4 5 |  5.2
Axes           | 3 4 |  4.7
Fighting       | |  3.5
Armour         | |  3.6

Action                   |  1- 3 |  4- 6 || total
-------------------------+-------+-------++-------
Melee: War axe           |    87 |   143 ||   230
  Eat: Chunk             |       |     4 ||     4
Armor: Scale mail        |    44 |    52 ||    96
Dodge: Dodged            |    36 |    50 ||    86
Block: Shield            |    63 |   154 ||   217
       Reflection        |       |     1 ||     1
